 Dungeon Crawl Stone Soup version 0.30-a0-469-g84de5afbc5 (webtiles) character file.

Game seed: 8851777040632317554

905 cforsyth the Covered (level 7, 0/64 HPs)
             Began as an Armataur Gladiator on Dec 19, 2022.
             Succumbed to an orc's poison
             ... on level 6 of the Dungeon.
             The game lasted 00:04:48 (3883 turns).

cforsyth the Covered (Armataur Gladiator)           Turns: 3883, Time: 00:04:49

Health: 0/64       AC: 11    Str: 19    XL:     7   Next: 80%
Magic:  7/7        EV: 10    Int: 11    God:
Gold:   277        SH:  0    Dex: 15    Spells: 6/6 levels left

rFire   + . .      SeeInvis .    a - +0 flail
rCold   . . .      Faith    .    (no shield)
rNeg    + . .      Spirit   .    o - +1 leather armour "Garphear" {rF+ rN+ Dex+4}
rPois   .          Reflect  .    c - +0 helmet
rElec   .          Harm     .    r - +1 cloak
rCorr   .          Roll     +    n - +0 pair of gloves
Will    .....                    (no barding)
Stlth   +.........               (no amulet)
HPRegen 0.30/turn                (no ring)
MPRegen 0.10/turn                (no ring)

@: lethally poisoned (0 -> -7)
A: large, rugged brown scales 3, deformed body, armoured tail, roll, long
tongue, awkward tongue
a: no special abilities


You were on level 6 of the Dungeon.
You visited 1 branch of the dungeon, and saw 6 of its levels.

You collected 277 gold pieces.

Inventory:

Hand Weapons
 a - a +0 flail (weapon)
Missiles
 d - 3 throwing nets (quivered)
 e - a javelin
Armour
 b - a +0 leather armour
 c - a +0 helmet (worn)
 i - a +0 ring mail
 n - a +0 pair of gloves (worn)
 o - the +1 leather armour "Garphear" (worn) {rF+ rN+ Dex+4}
   (You found it on level 3 of the Dungeon)

   Dex:       It affects your dexterity (+4).
   rF:        It protects you from fire.
   rN:        It protects you from negative energy.
 r - a +1 cloak (worn)
Scrolls
 h - a scroll of amnesia
 k - 2 scrolls of teleportation
 s - a scroll of immolation {unknown}
 u - a scroll of enchant weapon {unknown}
 w - a scroll of vulnerability {unknown}
 y - a scroll of noise {unknown}
 z - a scroll of fog {unknown}
Potions
 f - a potion of haste
 g - 3 potions of curing
 l - a potion of cancellation {unknown}
 m - a potion of flight {unknown}
 q - 4 potions of brilliance
 t - 2 potions of magic {unknown}
 v - a potion of lignification {unknown}
 x - a potion of mutation {unknown}
 A - a potion of resistance {unknown}


   Skills:
 + Level 4.9 Fighting
 + Level 5.4 Maces & Flails
 - Level 1.7 Throwing
 + Level 5.9 Armour
 - Level 2.1 Dodging


You had 6 spell levels left.
You didn't know any spells.
Your spell library contained the following spells:

 Spells                   Type           Power      Damage    Failure   Level
 Summon Small Mammal      Summ           0%         N/A       38%         1
 Cigotuvi's Dreadful Rot  Necr/Pois/Air  0%         N/A       52%         2
 Poisonous Vapours        Pois/Air       0%         N/A       52%         2
 Call Canine Familiar     Summ           0%         N/A       77%         3
 Mephitic Cloud           Conj/Pois/Air  0%         N/A       77%         3
 Summon Guardian Golem    Hex/Summ       0%         N/A       77%         3


Dungeon Overview and Level Annotations

Branches:
Dungeon (6/15)
 Temple: D:4-7

Altars:
Dithmenos
Makhleb

Shops:
D:4 (


Innate Abilities, Weirdness & Mutations

You are completely covered in rugged brown scales. (AC +3, +7% HP)
Armour fits poorly on your strangely shaped body.
You have a long armoured tail.
You roll when moving toward enemies. (Rampage)
Your long tongue fully drains potion bottles. (2x potion effects)
Your tongue gives you trouble enunciating. (1.5x scroll delay)


Message History

The orc closely misses you. The orc misses you.
You completely miss the orc.
Your tail-slap misses the orc.
The orc is heavily wounded.
You feel very sick. The orc misses you. The orc hits you but does no damage.
You are more poisoned.
The orc barely misses you.
The orc hits you with a +2 short sword of freezing.
The orc freezes you.
You barely miss the orc.
The orc is heavily wounded.
* * * LOW HITPOINT WARNING * * *
You feel very sick. The orc hits you but does no damage.
The orc closely misses you. The orc hits you but does no damage.
The orc barely misses you.
Unknown command.
The orc attacks as you move away! The orc completely misses you.
The orc attacks as you move away! The orc hits you but does no damage.
The orc attacks as you move away! The orc hits you but does no damage.
* * * LOW HITPOINT WARNING * * *
You feel very sick.
Unknown command.
* * * LOW HITPOINT WARNING * * *
You feel very sick. The orc attacks as you move away!
The orc barely misses you. The orc attacks as you move away!
The orc hits you but does no damage. The orc attacks as you move away!
The orc hits you but does no damage.
Found a scroll of amnesia.
You feel sick.
There is a shadowy altar of Dithmenos here.
The orc attacks as you move away! The orc hits you but does no damage.
You are lethally poisoned!
* * * LOW HITPOINT WARNING * * *
You feel very sick.
* * * LOW HITPOINT WARNING * * *
You feel very sick. The orc attacks as you move away!
The orc barely misses you. The orc attacks as you move away!
The orc completely misses you.
* * * LOW HITPOINT WARNING * * *
You feel sick.
You die...

### ... ..#
#.#
######.####.#
#...........#
####@#### #
#.......#
##.#..ooo..#
...#.......#
?..^...o...#
...#.......#
##.
.#.#.).....#
..( #
#.......# #..
#.####)####..
...


You could see 4 orcs.

Vanquished Creatures
  A black bear (D:4)
  2 ogres
  A centaur (D:5)
  3 phantoms
  A necrophage (D:5)
  3 hounds
  An orc priest (D:6)
  An iguana (D:5)
  4 adders
  An ufetubus (D:4)
  A worm (D:2)
  2 dart slugs
  11 orcs
  9 ball pythons
  3 bats
  7 endoplasms
  9 giant cockroaches
  8 goblins
  5 hobgoblins (D:1)
  2 jackals (D:1)
  2 quokkas
  2 frilled lizards (D:1)
  5 kobolds
  9 rats
93 creatures vanquished.

Notes
Turn   | Place    | Note
-------+----------+-------------------------------------------
     0 | D:1      | cforsyth the Armataur Gladiator began the quest for the
                  | Orb.
     0 | D:1      | Reached XP level 1. HP: 18/18 MP: 1/1
    54 | D:1      | Reached skill level 1 in Armour
    54 | D:1      | Reached XP level 2. HP: 25/25 MP: 2/2
   384 | D:1      | Reached XP level 3. HP: 29/29 MP: 3/3
   424 | D:1      | You fall into a shaft and drop 1 floor!
   716 | D:1      | Found a faded altar of an unknown god.
  1125 | D:2      | Reached XP level 4. HP: 32/39 MP: 4/4
  1652 | D:3      | Identified the +1 leather armour "Garphear" {rF+ rN+ Dex+4}
  2253 | D:4      | Reached XP level 5. HP: 48/48 MP: 5/5
  2420 | D:4      | Noticed a phantom
  2449 | D:4      | Killed a phantom
  2697 | D:4      | Found a burning altar of Makhleb.
  2724 | D:4      | Noticed a blizzard demon
  2728 | D:4      | Noticed a neqoxec
  2728 | D:4      | Noticed a neqoxec
  2822 | D:4      | Reached XP level 6. HP: 44/54 MP: 6/6
  2845 | D:4      | Found Teonn's Weapon Shop.
  3111 | D:5      | Entered Level 5 of the Dungeon
  3196 | D:5      | Reached XP level 7. HP: 47/63 MP: 7/7
  3534 | D:5      | Reached skill level 5 in Armour
  3619 | D:5      | Reached skill level 5 in Maces & Flails
  3854 | D:6      | Found a shadowy altar of Dithmenos.
  3882 | D:6      | HP: 2/64 [poisoned by an orc]
  3883 | D:6      | Succumbed to an orc's poison

Illustrated notes

Levels and vault maps discovered:
D:1:      wander_arrival_estate, layout_basic,
          dilly_ecumenical_altar_fadedgnrine, minmay_worlds_worst_comb
D:2:      layout_loops_cross
D:3:      layout_basic
D:4:      layout_loops_cross, makhleb_altar_promises_db, serial_shops,
          nicolae_shop_behind_doors
D:5:      layout_cave_pools, serial_glass, glass_columns_b, glass_columns_b,
          glass_columns_a, glass_columns_a, glass_columns_b, glass_columns_c
D:6:      layout_loops_ring, lemuel_tele_altar,
          nicolae_hepliaklqana_monster_ancestors, temple_fountains,
          serial_shops, shop

Skill      XL: |  1  2  3  4  5  6  7 |
---------------+----------------------+-----
Fighting       | 2 3 4 |  4.9
Armour         | 1 2 3 4 5 |  5.9
Maces & Flails | 3 4 5 |  5.4
Throwing       | |  1.7
Dodging        | |  2.1

Action                   |  1- 3 |  4- 6 |  7- 9 || total
-------------------------+-------+-------+-------++-------
Melee: Flail             |    92 |   155 |    52 ||   299
       Tailslap          |     9 |    21 |     6 ||    36
       Punch             |     1 |     1 |     2 ||     4
  Use: Potion            |     1 |       |       ||     1
       Scroll            |       |       |     5 ||     5
 Stab: Sleeping          |     2 |     1 |       ||     3
Armor: Leather armour    |    42 |    63 |    44 ||   149
       Ring mail         |    14 |    12 |       ||    26
Dodge: Dodged            |    57 |   110 |    58 ||   225

Table legend: (Time is in decaauts)
 A = Elapsed time spent in this place.
 B = Non-inter-level travel time spent in this place.
 C = Inter-level travel time spent in this place.
 D = Time resting spent in this place.
 E = Time spent auto-exploring this place.
 F = Levels seen in this place.
 G = Mean time per level.
                   A        B        C        D        E       F      G
               +--------+--------+--------+--------+--------+-----+--------+
         Total |   3926 |   3790 |    136 |     71 |   3004 |   6 |  654.3 |
       Dungeon |   3926 |   3790 |    136 |     71 |   3004 |   6 |  654.3 |
               +--------+--------+--------+--------+--------+-----+--------+

Top non-repeatable levels by time:
     D:4: 949 daAuts
     D:2: 804 daAuts
     D:1: 753 daAuts
     D:5: 683 daAuts
     D:3: 632 daAuts
     D:6: 103 daAuts
